 Dungeon Crawl Stone Soup version 0.31.0-11-ge490571c62 (webtiles) character file.

Game seed: 2640685151630075777

27 Bobbunny the Sneak (level 3, -1/30 HPs)
             Began as a Formicid Delver on Feb 3, 2024.
             Slain by an orc priest
             ... wielding a +0 hand axe
              (6 damage)
             ... on level 3 of the Dungeon.
             The game lasted 00:00:50 (388 turns).

Bobbunny the Sneak (Formicid Delver)                 Turns: 388, Time: 00:00:50

Health: -1/30      AC:  3    Str: 18    XL:     3   Next: 25%
Magic:  3/3        EV: 12    Int:  9    God:
Gold:   49         SH:  0    Dex: 15    Spells: 2/2 levels left

rFire   . . .        i - +2 hand axe (vamp)
rCold   . . .        (no shield)
rNeg    . . .        b - +0 leather armour
rPois   .            (helmet unavailable)
rElec   .            (no cloak)
rCorr   .            (no gloves)
SInv    +            (no boots)
Will    .....        (no amulet)
Stlth   +++          (no ring)
HPRegen 0.25/turn    (no ring)
MPRegen 0.08/turn

%: no passive effects
@: no status effects
A: permanent stasis, dig shafts and tunnels, antennae 3, four strong arms
a: Dig, Shaft Self


You were on level 3 of the Dungeon.
You visited 1 branch of the dungeon, and saw 3 of its levels.

You collected 49 gold pieces.

Inventory:

Hand Weapons
 a - a +0 hand axe
 i - a +2 vampiric hand axe (weapon)
Armour
 b - a +0 leather armour (worn)
Wands
 f - a wand of digging (3)
 g - a wand of roots (9)
Scrolls
 c - a scroll of fog
 d - a scroll of revelation
 e - a scroll of fear
 h - a scroll of blinking {unknown}


   Skills:
 + Level 4.0 Fighting
 + Level 2.8 Axes
 - Level 1.7 Dodging
 - Level 6.0 Stealth


You had 2 spell levels left.
You didn't know any spells.
Your spell library was empty.

Dungeon Overview and Level Annotations

Branches:
Dungeon (5/15)
 Temple: D:4-7

Altars:
Sif Muna


Innate Abilities, Weirdness & Mutations

You cannot be hasted, slowed, berserked, paralysed or teleported.
You can dig through walls and to a lower floor.
You have a pair of large antennae on your head. (SInv)
Your four strong arms can wield two-handed weapons with a shield.


Message History

The orc barely misses you.
You slash the orc!
You kill the orc!
You hit the orc priest but do no damage.
The orc priest looks satisfied for a moment.
You hit the orc priest but do no damage.
The orc priest barely misses you.
You hit the orc priest.
The orc priest is lightly wounded.
You barely miss the orc priest. The orc priest closely misses you.
The orc priest barely misses you.
You slash the orc priest!
The orc priest is heavily wounded.
You hit the orc priest but do no damage.
The orc priest hits you but does no damage.
The orc priest hits you with a +0 hand axe.
The orc priest invokes the aid of Beogh against you.
Pain shoots through your body! The orc priest barely misses you.
You closely miss the orc priest.
The orc priest is heavily wounded.
You hit the orc priest.
You feel better. The orc priest closely misses you.
The orc priest hits you but does no damage.
You hit the orc priest.
You feel better.
The orc priest is almost dead.
You hit the orc priest.
You feel better.
The orc priest calls down the wrath of Beogh upon you.
Pain shoots through your body!
The orc priest invokes the aid of Beogh against you.
Beogh smites you!
* * * LOW HITPOINT WARNING * * *
An adder comes into view.
You are too injured to fight recklessly!
The adder hisses angrily.
You slash the orc priest!
The orc priest is almost dead.
You hit the orc priest.
The orc priest hits you with a +0 short sword.
* * * LOW HITPOINT WARNING * * *
The orc priest hits you with a +0 hand axe.
You die...

######## ........
. ##..... ?..
#.... .
.....##.)######..
.......>)......S.
.....###.........
.#. #.@o...(..
#..o......
##........
#........
#)....$..
#....(...
######+#.


You could see 2 orc priests and an adder.

Vanquished Creatures
  An adder (D:4)
  A ribbon worm (D:4)
  5 orcs
  2 endoplasms (D:4)
  A hobgoblin (D:4)
10 creatures vanquished.

Notes
Turn   | Place    | Note
-------+----------+-------------------------------------------
     0 | D:5      | Bobbunny the Formicid Delver began the quest for the Orb.
     0 | D:5      | Reached XP level 1. HP: 18/18 MP: 1/1
    57 | D:5      | Found a shimmering blue altar of Sif Muna.
    69 | D:4      | Reached XP level 2. HP: 18/25 MP: 2/2
   289 | D:4      | Reached XP level 3. HP: 8/30 MP: 3/3
   388 | D:3      | Slain by an orc priest

Illustrated notes

Levels and vault maps discovered:
D:3:      layout_basic, mainiacjoe_overflow_chevrons,
          minmay_misc_feat_secret_circle, minivault_19, uniq_terence,
          uniq_robin, uniq_sigmund, uniq_ijyb
D:4:      layout_cave_pools, temple_hall
D:5:      layout_gridville, mainiacjoe_overflow_large_starburst, serial_shops,
          shop, small_statue_intersection, uniq_prince_ribbit1, uniq_grinder

Skill      XL: |  1  2  3 |
---------------+----------+-----
Fighting       | 4 |  4.0
Axes           | |  2.8
Dodging        | |  1.7
Stealth        | |  6.0

Action                     || total
---------------------------++-------
  Melee: Hand axe          ||    45
         Punch             ||     1
   Stab: Sleeping          ||     1
 Armour: Leather armour    ||    24
  Dodge: Dodged            ||    28
